 Dungeon Crawl Stone Soup version 0.25.1-1-g288607f5aa (webtiles) character file.

Game seed: 5356824972226895620

102765 protoss039 the Eclecticist (level 15, -6/88 HPs)
             Began as a Deep Elf Earth Elementalist on July 23, 2020.
             Was an Elder of Sif Muna.
             Hit by a javelin thrown by a merfolk javelineer (18 damage)
             ... on level 4 of the Shoals on July 24, 2020.
             The game lasted 03:14:32 (39126 turns).

protoss039 the Eclecticist (DEEE)                  Turns: 39126, Time: 03:14:32

Health: -6/88      AC: 22    Str:  9    XL:     15   Next: 87%
Magic:  18/49      EV: 13    Int: 27    God:    Sif Muna [****..]
Gold:   870        SH: 11    Dex: 19    Spells: 9/53 levels left

rFire    + . .     SeeInvis +   Q - staff of wizardry
rCold    . . .     Gourm    .   f - +0 buckler
rNeg     + + .     Faith    .   L - +4 acid dragon scales
rPois    .         Spirit   .   r - +0 helmet "Gauloots" {MR+}
rElec    .         Reflect  +   Y - +1 cloak {Stlth+}
rCorr    +         Harm     .   G - +5 pair of gloves of the Foremost Eyes {Dex+4}
MR       ++...                  c - +0 pair of boots
Stlth    ++........             w - amulet of reflection
HPRegen  0.24/turn              U - ring of Feeduloc {rF+ rN++ Str+4 SInv}
MPRegen  0.31/turn              y - ring of magical power

@: flying, very slightly contaminated
A: no striking features
a: Channel Magic, Forget Spell, Divine Exegesis, Renounce Religion


You were on level 4 of the Shoals.
You worshipped Sif Muna.
Sif Muna was greatly pleased with you.
You were hungry.

You visited 5 branches of the dungeon, and saw 25 of its levels.
You also visited: Gauntlet.

You collected 2422 gold pieces.
You spent 1552 gold pieces at shops.

Inventory:

Hand Weapons
 E - the +2 battleaxe of the Assorted Beds {drain, rElec Dex+2 Stlth+}
   (You took it off a merfolk javelineer on level 1 of the Shoals)

   A truly terrible weapon, it drains the life of those it strikes.
   It affects your dexterity (+2).
   It insulates you from electricity.
   It makes you more stealthy.
Missiles
 o - 194 stones (quivered)
Armour
 c - a +0 pair of boots (worn)
 f - a +0 buckler (worn)
 r - the +0 helmet "Gauloots" (worn) {MR+}
   (You bought it in a shop on level 2 of the Orcish Mines)

   It affects your resistance to hostile enchantments.
 G - the +5 pair of gloves of the Foremost Eyes (worn) {Dex+4}
   (You found it on level 9 of the Dungeon)

   It affects your dexterity (+4).
 L - +4 acid dragon scales (worn)
 Y - a +1 cloak of stealth (worn)
Magical Staves
 Q - an uncursed staff of wizardry (weapon)
 T - an uncursed staff of energy
Jewellery
 l - a +4 ring of protection
 q - the ring of the Leaf {rF+ rN+ Stlth+}
   (You found it in a Gauntlet)

   [ring of positive energy]

   It protects you from fire.
   It protects you from negative energy.
   It makes you more stealthy.
 t - the amulet of Scepticism {RegenMP Int+4}
   (You acquired it on level 2 of the Orcish Mines)

   [amulet of magic regeneration]

   It increases your magic regeneration.
   It affects your intelligence (+4).
 w - an amulet of reflection (around neck)
 y - a ring of magical power (right hand)
 B - an uncursed ring of protection from magic
 O - a cursed ring of teleportation {unknown}
 U - the ring of Feeduloc (left hand) {rF+ rN++ Str+4 SInv}
   (You found it in a Gauntlet)

   [ring of protection from fire]

   It affects your strength (+4).
   It protects you from fire.
   It greatly protects you from negative energy.
   It lets you see invisible.
Wands
 x - a wand of acid (9)
 C - a wand of iceblast (27)
 F - a wand of flame (71)
 J - a wand of paralysis (9)
Scrolls
 a - 2 scrolls of magic mapping
 b - 5 scrolls of teleportation
 h - a scroll of fear
 j - a scroll of holy word
 k - 4 scrolls of amnesia
 m - 12 scrolls of remove curse
 I - 2 scrolls of fog
 K - 2 scrolls of enchant weapon
Potions
 e - a potion of curing
 g - 3 potions of invisibility
 i - 4 potions of flight
 n - a potion of berserk rage
 p - 9 potions of lignification
 s - 2 potions of mutation {unknown}
 u - 3 potions of stabbing {unknown}
 v - 6 potions of brilliance
 z - 3 potions of might
 A - 3 potions of ambrosia
 H - a potion of resistance
 S - a potion of heal wounds {unknown}
Comestibles
 d - 41 rations


   Skills:
 + Level 8.0 Fighting
   Level 0.1 Maces & Flails
 - Level 5.0 Armour
 - Level 3.0 Dodging
 - Level 3.0 Stealth
 - Level 4.0 Shields
 * Level 19.8 Spellcasting
 + Level 8.7 Conjurations
 - Level 6.0 Hexes
   Level 2.0 Charms
 * Level 6.7 Transmutations
 - Level 2.0 Ice Magic
 + Level 13.6 Earth Magic
 * Level 12.8 Invocations


You had 9 spell levels left.
You knew the following spells:

 Your Spells              Type           Power        Failure   Level  Hunger
a - Sandblast             Erth           ######       0%          1    None
b - Passwall              Tmut/Erth      ######..     1%          2    None
c - Stone Arrow           Conj/Erth      ######       1%          3    None
d - Petrify               Tmut/Erth      ######..     1%          4    None
e - Lee's Rapid Deconstr  Erth           #######...   1%          5    None
f - Statue Form           Tmut/Erth      ######...    2%          6    #......
g - Iron Shot             Conj/Erth      ######....   1%          6    #......
h - Frozen Ramparts       Ice            #####.       1%          3    None
i - Slow                  Hex            ######..     1%          2    None
j - Cause Fear            Hex            ######....   1%          4    None
k - Lehudib's Crystal Sp  Conj/Erth      ######....   52%         8    ######.

Your spell library contained the following spells:

 Spells                   Type           Power        Failure   Level  Hunger
 Apportation              Tloc           ####..       1%          1    None
 Corona                   Hex            ######.      1%          1    None
 Freeze                   Ice            ####         1%          1    None
 Magic Dart               Conj           ####         1%          1    None
 Sting                    Tmut/Pois      ####         1%          1    None
 Searing Ray              Conj           ######       1%          2    None
 Sublimation of Blood     Necr           ####......   1%          2    None
 Dazzling Flash           Conj/Hex       ######       1%          3    None
 Ignite Poison            Fire/Tmut/Pois #####...     1%          3    None
 Inner Flame              Hex/Fire       #####...     1%          3    None
 Ozocubu's Armour         Chrm/Ice       #####...     1%          3    None
 Portal Projectile        Hex/Tloc       #####.       1%          3    None
 Static Discharge         Conj/Air       ######..     1%          3    None
 Fulminant Prism          Conj/Hex       ######....   1%          4    None
 Hailstorm                Conj/Ice       ######..     1%          4    None
 Iskenderun's Mystic Bla  Conj/Tloc      ######..     1%          4    None
 Leda's Liquefaction      Hex/Erth       ######....   1%          4    None
 Sticky Flame             Conj/Fire      ######..     1%          4    None
 Bolt of Magma            Conj/Fire/Erth ######....   1%          5    None
 Borgnjor's Vile Clutch   Necr/Erth      ######....   1%          5    None
 Gell's Gravitas          Tloc           ####......   3%          3    None
 Recall                   Summ/Tloc      N/A          3%          3    None
 Teleport Other           Tloc           ####....     3%          3    None
 Iskenderun's Battlesphe  Conj/Chrm      ######..     3%          5    None
 Lightning Bolt           Conj/Air       ######....   4%          5    None
 Summon Ice Beast         Ice/Summ       ####....     7%          4    None
 Hydra Form               Tmut           ######....   10%         6    #......
 Airstrike                Air            ####......   11%         4    None
 Animate Dead             Necr           N/A          11%         4    None
 Freezing Cloud           Conj/Ice/Air   #####.....   32%         6    #......
 Simulacrum               Ice/Necr       ####......   67%         6    #......
 Death Channel            Necr           ####......   80%         6    #......
 Dispersal                Tloc           ####......   80%         6    #......
 Shatter                  Erth           #######...   97%         9    #######
 Chain Lightning          Conj/Air       ######....   100%        8    ######.
 Controlled Blink         Tloc           N/A          100%        8    ######.
 Disjunction              Tloc           ####......   100%        8    ######.
 Ignition                 Fire           ####......   100%        8    ######.
 Tornado                  Air            ####......   100%        9    #######


Dungeon Overview and Level Annotations

Branches:
Dungeon (12/15)            Temple (1/1) D:5            Lair (6/6) D:8
 Shoals (4/4) Lair:4       Spider (0/4) Lair:3        Slime (0/5) Lair:6
    Orc (2/2) D:11            Elf (0/3) Orc:2       Gauntlet (visited)

Altars:
Ashenzari
Cheibriados
Dithmenos
Elyvilon
Fedhas
Gozag
Hepliaklqana
Kikubaaqudgha
Makhleb
Nemelex Xobeh
Okawaru
Qazlal
Ru
Sif Muna
Trog
Uskayaw
Vehumet
Wu Jian
Xom
Yredelemnul
Zin
The Shining One
Beogh

Shops:
D:8 }   D:10 !   D:11 [   Orc:2 }:?[

Annotations:
D:11 3 exclusions
Lair:5 1 exclusion


Message History

You fly up into the air.
Unknown command.
Unknown command.
Unknown command.
Unknown command.
Unknown command.
Okay, then.
Press: ? - help, v - describe, . - travel, g - get item
Here: a merfolk javelineer, wielding a +0 spear, wearing a +0 leather armour and quivering 5 javelins (purple smoke, wandering, hasn't noticed you)
A javelin.
The floor.
The merfolk javelineer shouts!
The merfolk javelineer throws a javelin.
The javelin pierces through you!
* * * LOW HITPOINT WARNING * * *
Unknown command.
Unknown command.
The merfolk javelineer throws a javelin.
The javelin pierces through you!!
You die...

≈≈≈≈≈≈≈≈≈≈≈≈≈≈≈≈≈≈≈≈≈≈≈≈≈≈,,,,≈≈≈
≈≈≈≈≈≈≈≈≈≈≈≈≈≈≈≈≈≈≈≈≈≈≈≈≈,,**,,≈≈
≈≈≈≈≈≈≈≈≈≈≈≈≈≈≈≈≈≈≈≈≈≈≈≈≈,***,^≈≈
≈≈≈≈≈≈≈≈≈≈≈≈≈≈≈≈≈≈≈≈≈≈≈≈≈≈,***,,≈
≈≈≈≈≈≈≈≈≈≈≈≈≈≈≈≈≈≈≈≈≈≈≈≈≈,,* *,,,
≈≈≈≈≈≈≈≈≈≈≈≈≈≈≈≈≈≈≈≈≈≈≈≈≈,,***,,,
≈≈≈≈≈≈≈≈≈≈≈≈≈≈≈≈≈≈≈≈≈≈≈≈≈,,,,,≈,,
≈≈≈≈≈≈≈≈≈≈≈≈≈≈≈≈≈≈≈≈≈≈≈≈≈.≈,,≈≈,,
≈≈≈≈≈≈≈≈≈≈≈≈≈≈≈≈@≈≈≈≈≈≈≈≈≈≈,≈≈≈,*
≈≈≈≈≈≈≈≈≈≈≈≈≈≈≈≈≈≈≈≈≈≈≈≈≈≈≈,≈≈≈,*
≈≈≈≈≈≈≈≈≈≈≈≈≈≈≈≈≈≈≈...≈≈≈≈≈,,,≈,,
≈≈≈≈≈≈≈≈≈≈≈≈≈≈≈§m......≈≈≈≈,,≈≈≈≈
≈≈≈≈≈≈≈≈≈≈≈≈≈≈≈≈m§§§....≈≈≈≈≈≈≈≈≈
≈≈≈≈≈≈≈≈≈≈≈≈≈≈≈≈§m§§...#.≈≈≈≈≈≈≈≈
≈≈≈≈≈≈≈≈≈≈≈≈≈≈≈§§§§..(...≈≈≈≈≈≈≈≈
≈≈≈≈≈≈≈≈≈≈≈≈≈≈≈§§.......≈≈≈≈≈≈≈≈*
≈≈≈≈≈≈≈≈≈≈≈≈≈≈≈≈≈.(.[...≈≈≈,≈≈≈**


You could see a merfolk javelineer and 2 merfolk.

Vanquished Creatures
  Nikola (Shoals:3)
  A kraken (Shoals:1)
  A tengu reaver (D:12)
  3 orc warlords
  A dire elephant (Gauntlet)
  A minotaur (Gauntlet)
  2 merfolk javelineers (Shoals:1)
  5 merfolk impalers
  Erolcha (D:10)
  3 hydras
  A catoblepas (Lair:5)
  3 merfolk avatars
  2 merfolk aquamancers (Shoals:1)
  A satyr (Shoals:3)
  8 two-headed ogres
  Urug (Lair:4)
  4 orc high priests (Orc:2)
  Sonja (D:11)
  Nergalle (Lair:2)
  4 sea snakes
  An unseen horror (D:10)
  Pikel (D:4)
  5 orc knights (Orc:2)
  A harpy (Shoals:1)
  6 orc sorcerers (Orc:2)
  6 manticores
  2 ugly things (D:11)
  14 elephants
  Psyche (D:10)
  Maurice (D:12)
  3 cyclopes
  4 merfolk sirens
  A black mamba (Lair:1)
  3 torpor snails (Lair:4)
  A gargoyle (D:10)
  5 water nymphs
  Maggie (D:10)
  23 spiny frogs
  2 rime drakes (Lair:4)
  5 komodo dragons
  A polar bear (Lair:4)
  7 trolls
  3 tyrant leeches (Lair:6)
  11 merfolk
  2 hornets (D:9)
  2 wind drakes
  6 hippogriffs
  A meliai zombie (D:12)
  6 snapping turtles
  6 dream sheep
  27 blink frogs
  The ghost of Mehrius the Cudgeler, an amateur GrMo of Fedhas (D:4)
  Sigmund (D:5)
  2 centaur simulacra (Gauntlet)
  2 wyverns (D:10)
  3 water elementals
  29 yaks
  A basilisk (Lair:4)
  6 vampire mosquitoes (Lair:6)
  4 hungry ghosts
  A steam dragon (D:9)
  A warg (Orc:1)
  15 water moccasins
  8 porcupines
  A hornet zombie (D:7)
  A sky beast (D:12)
  A black bear (D:6)
  51 orc warriors
  2 ice beasts
  2 phantoms
  A swamp drake (D:11)
  20 ogres
  2 necrophages (D:7)
  A wolf (Lair:2)
  10 centaurs
  19 crocodiles
  A big kobold (D:12)
  26 bullfrogs
  A hornet simulacrum (Gauntlet)
  6 scorpions
  7 killer bees
  7 wights
  11 electric eels
  7 crimson imps
  3 howler monkeys (D:11)
  3 bullfrog zombies
  7 hounds
  4 jellies
  2 bullfrog skeletons
  5 centaur skeletons
  37 orc priests
  Jessica (D:2)
  5 iguanas
  9 worker ants
  31 orc wizards
  A killer bee zombie (D:6)
  3 ogre zombies (D:9)
  4 hound zombies
  2 hound skeletons
  2 worker ant zombies
  An orc zombie (D:9)
  15 adders
  5 shadow imps
  3 oozes
  2 adder zombies
  2 adder skeletons
  7 worms
  3 dart slugs
  7 leopard geckos
  126 orcs
  A ball python (D:7)
  8 giant cockroaches
  6 goblins
  4 hobgoblins
  6 jackals (D:5)
  5 quokkas
  9 bats
  5 frilled lizards
  A jackal skeleton (D:7)
  8 kobolds
  2 leopard gecko skeletons
  A leopard gecko zombie (D:7)
  A quokka zombie (D:7)
  7 rats
  2 plants
  A tentacle (Shoals:1)
811 creatures vanquished.

Vanquished Creatures (collateral kills)
  An orc warrior (Orc:1)
1 creature vanquished.

Vanquished Creatures (others)
  A porcupine (Lair:4)
  2 slaves (D:4)
  An orc priest (D:4)
  An orc wizard (D:4)
  2 orcs (D:4)
  A bush (Lair:6)
  25 fungi
  60 plants
  12 tentacles (Shoals:1)
  2 withered plants (Gauntlet)
107 creatures vanquished.

Grand Total: 919 creatures vanquished

Notes
Turn   | Place    | Note
-------+----------+-------------------------------------------
     0 | D:1      | protoss039 the Deep Elf Earth Elementalist began the quest
                  | for the Orb.
     0 | D:1      | Reached XP level 1. HP: 10/10 MP: 6/6
   277 | D:1      | Reached XP level 2. HP: 13/15 MP: 6/8
   906 | D:2      | Reached XP level 3. HP: 14/19 MP: 3/10
  1023 | D:2      | Noticed Jessica
  1028 | D:2      | Killed Jessica
  1028 | D:2      | Reached skill level 4 in Spellcasting
  1171 | D:2      | Reached XP level 4. HP: 20/24 MP: 12/12
  1853 | D:2      | Learned a level 2 spell: Passwall
  1857 | D:2      | Learned a level 3 spell: Stone Arrow
  2016 | D:3      | Reached skill level 5 in Spellcasting
  2016 | D:3      | Reached XP level 5. HP: 21/28 MP: 8/14
  2045 | D:3      | Reached skill level 5 in Earth Magic
  2912 | D:3      | Reached skill level 6 in Spellcasting
  3068 | D:3      | Reached XP level 6. HP: 32/32 MP: 13/17
  3163 | D:4      | Reached skill level 1 in Conjurations
  3716 | D:4      | Noticed Pikel
  3717 | D:4      | Noticed a slave
  3717 | D:4      | Noticed a slave
  3717 | D:4      | Noticed a slave
  3717 | D:4      | Noticed a slave
  3814 | D:4      | Killed Pikel
  3814 | D:4      | Reached skill level 8 in Spellcasting
  3814 | D:4      | Reached XP level 7. HP: 36/36 MP: 5/20
  3915 | D:4      | Found a large runed translucent door.
  3916 | D:4      | Found a large runed translucent door.
  3916 | D:4      | Noticed Mehrius's ghost (amateur GrMo)
  4222 | D:4      | Reached XP level 8. HP: 41/41 MP: 15/22
  4698 | D:4      | Killed Mehrius's ghost
  4847 | D:5      | Entered Level 5 of the Dungeon
  4860 | D:5      | Learned a level 4 spell: Petrify
  4866 | D:5      | Learned a level 5 spell: Lee's Rapid Deconstruction
  4869 | D:5      | Learned a level 2 spell: Searing Ray
  4874 | D:5      | Learned a level 4 spell: Fulminant Prism
  4904 | D:5      | Noticed Sigmund
  4907 | D:5      | Killed Sigmund
  4907 | D:5      | Reached skill level 1 in Hexes
  5208 | D:5      | Found a staircase to the Ecumenical Temple.
  5219 | Temple   | Entered the Ecumenical Temple
  5244 | Temple   | Became a worshipper of Sif Muna the Loreminder
  5329 | D:5      | Reached skill level 1 in Shields
  5361 | D:5      | Reached skill level 9 in Spellcasting
  5501 | D:5      | Reached skill level 5 in Conjurations
  5755 | D:6      | Reached skill level 1 in Invocations
  6070 | D:6      | Reached XP level 9. HP: 45/45 MP: 13/24
  6213 | D:6      | Reached * piety under Sif Muna
  6233 | D:6      | Found an iron altar of Okawaru.
  7023 | D:6      | Reached skill level 10 in Spellcasting
  7289 | D:6      | Reached ** piety under Sif Muna
  7359 | D:6      | Learned a level 3 spell: Ozocubu's Armour
  7363 | D:6      | Learned a level 3 spell: Frozen Ramparts
  8332 | D:7      | Reached skill level 11 in Spellcasting
  8747 | D:8      | Reached skill level 1 in Charms
  8747 | D:8      | Reached XP level 10. HP: 50/50 MP: 17/27
  8765 | D:8      | Reached skill level 1 in Ice Magic
  8980 | D:8      | Found Ozapn's Gadget Emporium.
  9060 | D:8      | Noticed a two-headed ogre
  9061 | D:8      | Found a staircase to the Lair.
  9077 | D:8      | Killed a two-headed ogre
  9678 | D:9      | Reached *** piety under Sif Muna
  9722 | D:9      | Found a transporter.
  9920 | D:9      | Reached skill level 12 in Spellcasting
 10157 | D:9      | Reached skill level 10 in Earth Magic
 10512 | D:9      | Reached skill level 5 in Invocations
 10929 | D:9      | Found a transporter.
 10972 | D:9      | Reached XP level 11. HP: 54/54 MP: 15/29
 10987 | D:9      | Got a pair of slimy gloves
 11006 | D:9      | Identified the +5 pair of gloves of the Foremost Eyes
                  | {Dex+4} (You found it on level 9 of the Dungeon)
 11362 | D:10     | Entered Level 10 of the Dungeon
 11379 | D:10     | Learned a level 2 spell: Slow
 11398 | D:10     | Noticed an unseen horror
 11406 | D:10     | Killed an unseen horror
 11411 | D:10     | Noticed Maggie
 11528 | D:10     | Killed Maggie
 11726 | D:10     | Reached skill level 13 in Spellcasting
 11829 | D:10     | Found Cefed's Distillery.
 11832 | D:10     | Noticed Erolcha
 11835 | D:10     | Noticed Psyche
 11844 | D:10     | Killed Erolcha
 11852 | D:10     | Killed Psyche
 11914 | D:10     | Reached skill level 1 in Armour
 12030 | D:10     | Noticed a two-headed ogre
 12044 | D:10     | Killed a two-headed ogre
 12283 | D:10     | Noticed a two-headed ogre
 12551 | D:10     | Reached **** piety under Sif Muna
 12805 | D:10     | Killed a two-headed ogre
 12891 | D:10     | Learned a level 4 spell: Cause Fear
 13011 | D:11     | Noticed Sonja
 13018 | D:11     | Killed Sonja
 13206 | D:11     | Found Taedghynu's Antique Armour Shop.
 13257 | D:11     | Noticed a white ugly thing
 13260 | D:11     | Killed a white ugly thing
 13260 | D:11     | Reached skill level 14 in Spellcasting
 13419 | D:11     | Noticed a two-headed ogre
 13421 | D:11     | Killed a two-headed ogre
 13662 | D:11     | Noticed a two-headed ogre
 13681 | D:11     | Killed a two-headed ogre
 13780 | D:11     | Reached XP level 12. HP: 59/59 MP: 6/32
 13985 | D:11     | Noticed a seven-headed hydra
 14018 | D:11     | Killed a seven-headed hydra
 14119 | D:11     | Found a staircase to the Orcish Mines.
 15024 | D:12     | Reached skill level 15 in Spellcasting
 15190 | D:12     | Noticed a deep elf annihilator
 15192 | D:12     | Noticed a tengu reaver
 15680 | D:12     | Reached ***** piety under Sif Muna
 15852 | D:12     | Noticed Maurice
 15858 | D:12     | Killed Maurice
 16034 | D:12     | Killed a tengu reaver
 16126 | Lair:1   | Entered Level 1 of the Lair of Beasts
 16129 | Lair:1   | Reached skill level 16 in Spellcasting
 16413 | Lair:1   | Noticed an eight-headed hydra
 16425 | Lair:1   | Killed an eight-headed hydra
 16425 | Lair:1   | Reached skill level 5 in Armour
 16577 | Lair:1   | Identified Ojuekuag's Catalogue of Damaging Displacement
                  | (Sif Muna gifted it to you on level 1 of the Lair of
                  | Beasts)
 16577 | Lair:1   | Received a gift from Sif Muna
 18292 | Lair:2   | Noticed Nergalle
 18302 | Lair:2   | Killed Nergalle
 18302 | Lair:2   | Reached XP level 13. HP: 63/63 MP: 10/35
 19295 | Lair:3   | Reached skill level 10 in Invocations
 19390 | Lair:3   | Reached skill level 1 in Fighting
 19618 | Lair:3   | Found a hole to the Spider Nest.
 20742 | Lair:3   | You fall into a shaft and drop 3 floors!
 20742 | Lair:6   | Entered Level 6 of the Lair of Beasts
 20934 | Lair:6   | Reached skill level 5 in Fighting
 21060 | Lair:6   | Found a gate leading to a gauntlet.
 21105 | Gauntlet | Entered a Gauntlet
 21105 | Gauntlet | Found a transporter.
 21301 | Gauntlet | Found a transporter.
 21314 | Gauntlet | Found a transporter.
 21315 | Gauntlet | Noticed a death ooze
 21323 | Gauntlet | Found a transporter.
 21328 | Gauntlet | Found a transporter.
 21343 | Gauntlet | Found a transporter.
 21362 | Gauntlet | Found a transporter.
 21374 | Gauntlet | Found a transporter.
 21382 | Gauntlet | Found a transporter.
 21399 | Gauntlet | Found a transporter.
 21405 | Gauntlet | Found a transporter.
 21420 | Gauntlet | Found a transporter.
 21420 | Gauntlet | Noticed a dire elephant
 21432 | Gauntlet | Found a transporter.
 21453 | Gauntlet | Found a transporter.
 21466 | Gauntlet | Found a transporter.
 21468 | Gauntlet | Found a transporter.
 21494 | Gauntlet | Found a transporter.
 21496 | Gauntlet | Found a transporter.
 21693 | Gauntlet | Got a sparkling golden ring
 22000 | Gauntlet | Identified the ring of the Leaf {rF+ rN+ Stlth+} (You found
                  | it in a Gauntlet)
 22022 | Gauntlet | Learned a level 8 spell: Lehudib's Crystal Spear
 22039 | Gauntlet | Got a sparkling tin ring
 22042 | Gauntlet | Killed a dire elephant
 22052 | Gauntlet | Identified the ring of Feeduloc {rF+ rN++ Str+4 SInv} (You
                  | found it in a Gauntlet)
 22296 | Gauntlet | Identified the cursed +0 dagger of Guilt {flame, Int+3}
 22296 | Gauntlet | Noticed a minotaur
 22308 | Gauntlet | Killed a minotaur
 22326 | Gauntlet | Identified Sobay's Tome of Earthen Sinister Arts
 22414 | Lair:6   | Learned a level 6 spell: Statue Form
 22465 | Lair:4   | Noticed Urug
 24433 | Lair:4   | Found a snail-covered altar of Cheibriados.
 24731 | Lair:4   | Reached XP level 14. HP: 80/80 MP: 21/36
 24752 | Lair:4   | Killed Urug
 24891 | Lair:4   | Found a staircase to the Shoals.
 26094 | Lair:6   | Found a staircase to the Slime Pits.
 26433 | Lair:6   | Reached skill level 17 in Spellcasting
 27941 | Lair:6   | Got a smelly scale mail
 27953 | Lair:6   | Identified the +3 scale mail "Anapsepa" {+Blink rCorr Str-3
                  | Stlth+} (You found it on level 6 of the Lair of Beasts)
 28196 | Orc:1    | Entered Level 1 of the Orcish Mines
 28478 | Orc:1    | Noticed an orc warlord
 28490 | Orc:1    | Noticed an orc warlord
 28530 | Orc:1    | Killed an orc warlord
 28985 | Orc:1    | Killed an orc warlord
 29318 | Orc:2    | Entered Level 2 of the Orcish Mines
 29448 | Orc:1    | Reached skill level 18 in Spellcasting
 29854 | Orc:2    | Identified Sif Muna's Incunabulum of the Birds and Moulding
                  | (Sif Muna gifted it to you on level 2 of the Orcish Mines)
 29854 | Orc:2    | Received a gift from Sif Muna
 30464 | Orc:2    | Found Bocw's Armour Boutique.
 30475 | Orc:2    | Found a roughly hewn altar of Beogh.
 30693 | Orc:2    | Found Vulem's Magic Scroll Shop.
 30727 | Orc:2    | HP: 1/83 [orc knight/+3 great sword of flaming (7)]
 31712 | Orc:2    | Reached skill level 5 in Transmutations
 32087 | Orc:2    | Found a staircase to the Elven Halls.
 32276 | Orc:2    | Paralysed by an orc sorcerer for 4 turns
 32489 | Orc:2    | Found Arghaph's Gadget Emporium.
 32643 | Orc:2    | Identified Sif Muna's Reference Book on Lightness and
                  | Conjuration (Sif Muna gifted it to you on level 2 of the
                  | Orcish Mines)
 32643 | Orc:2    | Received a gift from Sif Muna
 32646 | Orc:2    | Noticed an orc warlord
 32681 | Orc:2    | Killed an orc warlord
 32681 | Orc:2    | Reached XP level 15. HP: 56/88 MP: 12/39
 32868 | Orc:2    | Found a roughly hewn altar of Beogh.
 33185 | Orc:2    | Found Ipij's Book Shoppe.
 33201 | Orc:2    | Learned a level 6 spell: Iron Shot
 33565 | Orc:2    | Bought a scroll of acquirement for 572 gold pieces
 33565 | Orc:2    | Bought a scroll of blinking for 82 gold pieces
 33565 | Orc:2    | Bought a scroll of fog for 22 gold pieces
 33565 | Orc:2    | Bought a scroll of identify for 22 gold pieces
 33565 | Orc:2    | Bought a scroll of teleportation for 33 gold pieces
 33565 | Orc:2    | Bought a scroll of identify for 22 gold pieces
 33565 | Orc:2    | Bought a scroll of identify for 22 gold pieces
 33565 | Orc:2    | Bought a scroll of acquirement for 572 gold pieces
 33569 | Orc:2    | Acquired an uncursed staff of wizardry
 33579 | Orc:2    | Acquired the amulet of Scepticism {RegenMP Int+4}
 33981 | Shoals:1 | Entered Level 1 of the Shoals
 34233 | Orc:2    | Bought the +0 helmet "Gauloots" {MR+} for 205 gold pieces
 34526 | Shoals:1 | Reached skill level 5 in Hexes
 35472 | Shoals:1 | Noticed a kraken
 35511 | Shoals:1 | Killed a kraken
 35511 | Shoals:1 | Reached skill level 19 in Spellcasting
 36188 | Shoals:1 | Identified the +2 battleaxe of the Assorted Beds {drain,
                  | rElec Dex+2 Stlth+}
 38102 | Shoals:3 | Noticed Nikola
 38115 | Shoals:3 | Killed Nikola
 38891 | Shoals:4 | Entered Level 4 of the Shoals
 39126 | Shoals:4 | Hit by a javelin thrown by a merfolk javelineer

Illustrated notes

Levels and vault maps discovered:
D:1:      mrwooster_arrival_arrow, layout_rooms, grunt_decor_one_mirror,
          minmay_quantized
D:2:      layout_loops_ring, minmay_pentomino_pile, uniq_jessica
D:3:      layout_loops_ring, first_ration, due_unseen_surprise
D:4:      layout_basic, ebering_ghost_disaster_area, uniq_pikel
D:5:      layout_cave_pools, minmay_temple_entry_enclosed_plants, uniq_sigmund
D:6:      wad_guarded_room, layout_basic, kennysheep_okawaru_gauntlet,
          minmay_misc_feat_rows
D:7:      wander_river, layout_loops_ring, serial_undead, serial_undead_c,
          serial_undead_d, serial_undead_b, serial_undead_c
D:8:      layout_basic, lair_entry_dummy, serial_shops, shop,
          minmay_chambers_of_fives
D:9:      gammafunk_cloud_chamber, layout_long_grid
D:10:     layout_irregular_city, serial_shops, shop, grunt_ogre_cave,
          uniq_maggie, uniq_erolcha, uniq_psyche
D:11:     layout_loops_ring, erik_orc_1, serial_rivers,
          chequers_serial_rivers_marsh, chequers_serial_rivers_large_a,
          chequers_serial_rivers_marsh, chequers_serial_rivers_micro_a,
          serial_shops, shop, uniq_sonja
D:12:     layout_basic, abandoned_shop, jmf_multi_god_temple, uniq_maurice
Temple:   grunt_wide_crystal_templ
Lair:1:   statuecave_lemuel, layout_cave_pods, infiniplex_staircase_pool_2,
          grunt_megastairs_3, lemuel_fruit_tree, lemuel_fruit_fields
Lair:2:   layout_loops_ring, serial_bayou_pond_c, beast_lair_carwin_7,
          serial_bayou_shore_a, uniq_nergalle
Lair:3:   layout_cave_pods, nicolae_spider_entry_non_spiders, serial_bayou,
          serial_bayou_pond_e, serial_bayou_ford_a, serial_bayou_lake_a,
          serial_bayou_shore_b, serial_bayou_pond_c
Lair:4:   layout_cave_pods, minmay_shoals_entry_centaurs,
          kennysheep_snail_temple, uniq_urug
Lair:5:   layout_gridlike
Lair:6:   minmay_lair_end_frog_pond, layout_concentric_octagons,
          dpeg_slime_entry_corner, gauntlet_entry_generic
Shoals:1: layout_shoals, st_sunken_temple
Shoals:2: layout_shoals
Shoals:3: layout_shoals, nicolae_shoals_circle_sea_wall, uniq_nikola
Shoals:4: shoals_end_simple, layout_shoals, nicolae_shoals_undead_eyrie
Orc:1:    layout_caves
Orc:2:    pubby_orc_utopia

Skill      XL: |  1  2  3  4  5  6  7  8  9 10 11 12 13 14 15 |
---------------+----------------------------------------------+-----
Stealth        | 3 |  3.0
Dodging        | 3 |  3.0
Spellcasting   | 4 5 6 8 9 11 12 14 16 18 19 | 19.8
Earth Magic    | 4 5 6 7 9 10 11 12 13 | 13.6
Conjurations   | 4 5 6 7 8 |  8.7
Hexes          | 1 4 6 |  6.0
Shields        | 1 3 4 |  4.0
Transmutations | 2 5 6 |  6.7
Invocations    | 1 4 5 6 9 11 12 | 12.8
Charms         | 1 2 |  2.0
Ice Magic      | 2 |  2.0
Armour         | 2 5 |  5.0
Fighting       | 6 8 |  8.0
Maces & Flails | |  0.1

Action                   |  1- 3 |  4- 6 |  7- 9 | 10-12 | 13-15 || total
-------------------------+-------+-------+-------+-------+-------++-------
Melee: Unarmed           |     8 |       |       |       |       ||     8
       Dagger            |    42 |    60 |     3 |    20 |    25 ||   150
       Whip              |       |       |    15 |    19 |       ||    34
       Staff             |       |       |       |       |    14 ||    14
       Eveningstar       |       |       |       |       |     2 ||     2
 Cast: Sandblast         |    30 |    32 |    41 |    80 |   180 ||   363
       Stone Arrow       |       |    43 |   115 |   217 |   339 ||   714
       Lee's Rapid Decon |       |       |     4 |    95 |   251 ||   350
       Passwall          |       |       |     4 |     2 |     4 ||    10
       Petrify           |       |       |     1 |    18 |    57 ||    76
       Slow              |       |       |       |     7 |     3 ||    10
       Frozen Ramparts   |       |       |       |     3 |    10 ||    13
       Cause Fear        |       |       |       |       |     8 ||     8
       Lehudib's Crystal |       |       |       |       |     1 ||     1
       Statue Form       |       |       |       |       |     8 ||     8
       Iron Shot         |       |       |       |       |   131 ||   131
Invok: Channel Magic     |       |       |       |     2 |     9 ||    11
       Forget Spell      |       |       |       |       |     2 ||     2
       Divine Exegesis   |       |       |       |       |     1 ||     1
 Abil: End Transformatio |       |       |       |       |     8 ||     8
  Use: Scroll            |       |       |     6 |    15 |    27 ||    48
       Potion            |       |       |       |     1 |     9 ||    10
 Stab: Sleeping          |     4 |     2 |       |       |       ||     6
       Petrifying        |       |       |       |       |     2 ||     2
       Petrified         |       |       |       |       |     8 ||     8
  Eat: Chunk             |     1 |     7 |    14 |    27 |    58 ||   107
       Ration            |       |       |     1 |     2 |     3 ||     6
Armor: Robe              |     7 |    14 |     8 |    17 |       ||    46
       Acid dragon scale |       |       |       |    52 |   138 ||   190
       Skin              |       |       |       |       |    33 ||    33
Dodge: Dodged            |    34 |    55 |    19 |    74 |   192 ||   374
Block: Buckler           |       |     4 |     7 |    35 |   106 ||   152
       Reflection        |       |       |       |       |     7 ||     7
